 Dungeon Crawl Stone Soup version 0.23-a0-167-gf92cf62f8f (webtiles) character file.

91 PikkenKukken the Skirmisher (level 4, -5/35 HPs)
             Began as a Demonspawn Fighter on Sept 11, 2018.
             Killed by nerve-wracking pain
             ... invoked by Jessica
              (12 damage)
             ... on level 2 of the Dungeon.
             The game lasted 00:01:28 (999 turns).

PikkenKukken the Skirmisher (Demonspawn Fighter)     Turns: 999, Time: 00:01:29

Health: -5/35      AC:  7    Str: 16    XL:     4   Next: 33%
Magic:  4/4        EV:  7    Int: 10    God:
Gold:   55         SH:  9    Dex: 13    Spells: 3/3 levels left

rFire    + . .     SeeInvis .   a - +0 rapier
rCold    . . .     Gourm    .   c - +0 shield
rNeg     . . .     Faith    .   b - +0 scale mail
rPois    .         Spirit   .   (no helmet)
rElec    .         Reflect  .   (no cloak)
rCorr    .         Harm     .   i - +0 pair of gloves (curse)
MR       .....                  (no boots)
Stlth    +.........             (no amulet)
HPRegen  0.11/turn              (no ring)
MPRegen  0.09/turn              (no ring)

@: no status effects
A: fire resistance 1, nightstalker 1, flame cloud immunity
a: no special abilities


You were on level 2 of the Dungeon.
You were not hungry.

You visited 1 branch of the dungeon, and saw 2 of its levels.

You collected 55 gold pieces.

Inventory:

Hand Weapons
 a - a +0 rapier (weapon)
Armour
 b - a +0 scale mail (worn)
 c - a +0 shield (worn)
 i - a cursed +0 pair of gloves (worn)
Scrolls
 h - 4 scrolls of identify
Potions
 e - 2 potions of heal wounds
Comestibles
 f - 2 rations


   Skills:
 + Level 3.3 Fighting
 * Level 2.8 Short Blades
 + Level 3.1 Armour
 + Level 1.2 Dodging
 + Level 3.1 Shields


You had 3 spell levels left.
You didn't know any spells.
Your spell library was empty.

Dungeon Overview and Level Annotations

Branches:
Dungeon (1/15)

Altars:

Annotations:
D:2 Jessica


Innate Abilities, Weirdness & Mutations

Your flesh is heat resistant. (rF+)
You are slightly more attuned to the shadows.
You are immune to clouds of flame.


Message History

Things that are here:
a spear; an adder corpse; a gnoll corpse Jessica casts a spell.
Jessica seems to speed up.
Items here: ))) †† a club; a whip of venom; a flail; a gnoll corpse x2
You hit Jessica.
Jessica is heavily wounded.
Jessica closely misses you. Jessica hits you.
You closely miss Jessica.
Jessica is heavily wounded.
Jessica gestures at you while chanting. Pain shoots through your body!
* * * LOW HITPOINT WARNING * * *
You are too injured to fight recklessly!
You closely miss Jessica.
Jessica is moderately wounded.
Jessica gestures at you while chanting. Pain shoots through your body!
You die...

### ...
###.#
.....###
.......#
#)# #)#
#@# #@#
#.# #.#
#.. ###


You could see Jessica.

Vanquished Creatures
  An adder (D:2)
  4 gnolls (D:2)
  An ooze (D:1)
  2 dart slugs (D:1)
  6 goblins (D:1)
  6 hobgoblins (D:1)
  3 jackals (D:1)
  2 bats (D:1)
  A frilled lizard (D:2)
  5 kobolds (D:1)
  6 rats (D:1)
37 creatures vanquished.

Notes
Turn   | Place    | Note
-------+----------+-------------------------------------------
     0 | D:1      | PikkenKukken the Demonspawn Fighter began the quest for the
                  | Orb.
     0 | D:1      | Reached XP level 1. HP: 18/18 MP: 1/1
   135 | D:1      | Gained mutation: Your flesh is heat resistant. (rF+)
                  | [demonic ancestry]
   135 | D:1      | Reached XP level 2. HP: 20/24 MP: 2/2
   621 | D:1      | Gained mutation: You are slightly more attuned to the
                  | shadows. [demonic ancestry]
   621 | D:1      | Reached XP level 3. HP: 29/29 MP: 3/3
   860 | D:1      | You fall through a shaft!
   871 | D:2      | Reached skill level 1 in Dodging
   875 | D:2      | Gained mutation: You are immune to clouds of flame.
                  | [demonic ancestry]
   875 | D:2      | Reached XP level 4. HP: 17/35 MP: 4/4
   993 | D:2      | Noticed Jessica
   999 | D:2      | Killed from afar by Jessica

Vault maps used:
D:1:      scummos_arrival_simple_fountains, st_stairs_9
D:2:      uniq_robin, uniq_jessica

Skill      XL: |  1  2  3 |
---------------+----------+-----
Short Blades   | 2 |  2.8
Armour         | 3 |  3.1
Shields        | 3 |  3.1
Dodging        | 1 |  1.2
Fighting       | |  3.3

Action                   |  1- 3 |  4- 6 || total
-------------------------+-------+-------++-------
Melee: Rapier            |   123 |     9 ||   132
  Use: Scroll            |     2 |       ||     2
       Potion            |     1 |       ||     1
  Eat: Chunk             |       |     1 ||     1
Armor: Scale mail        |    47 |     4 ||    51
Dodge: Dodged            |    31 |     3 ||    34
Block: Shield            |    46 |     2 ||    48

Table legend:
 A = Non-vault XP
 B = Vault XP
 C = Vault XP percentage of total XP
 D = Non-vault monster count
 E = Vault monster count
 F = Vault count percentage of total count
                 A         B        C        D         E       F
            +---------+---------+-------+---------+---------+-------
      Total |     123 |       7 |   5.4 |      34 |       3 |   8.1
            +---------+---------+-------+---------+---------+-------
        D:1 |      52 |       7 |  11.9 |      28 |       3 |   9.7
        D:2 |      71 |       0 |   0.0 |       6 |       0 |   0.0
            +---------+---------+-------+---------+---------+-------
